 Dungeon Crawl Stone Soup version 0.17.1-3-g152610e (webtiles) character file.

9542 F1L1N the Nimble (level 11, -8/107 HPs)
             Began as a Troll Berserker on Feb 22, 2016.
             Was a Priest of Trog.
             Mangled by a large abomination (22 damage)
             ... on level 1 of the Abyss.
             The game lasted 00:46:06 (9699 turns).

F1L1N the Nimble (Troll Berserker)                  Turns: 9699, Time: 00:46:08

Health: -8/107     AC:  8    Str: 28 (30) XL:     11   Next: 24%
Magic:  0/10       EV: 13    Int:  3      God:    Trog [***...]
Gold:   287        SH:  0    Dex:  7 (9)  Spells: 0 memorised, 10 levels left

rFire  . . .     SeeInvis .       - Unarmed
rCold  . . .     Rnd*Rage +     x - +0 animal skin
rNeg   . . .     SustAt   .     (no shield)
rPois  .         Gourm    +     e - +1 hat
rElec  .         Spirit   +     (no cloak)
rCorr  .         Warding  .     (gloves unavailable)
rMut   .         Stasis   .     (boots unavailable)
MR     ++...                    h - amulet of guardian spirit
Stlth  +.........               (no ring)
                                G - +1 ring of evasion

@: exhausted, regenerating, slowed, very slow, very resistant to hostile
enchantments, very unstealthy
A: unfitting armour, claws 3, hooves 1, thin metallic scales 1, berserk 1,
blurry vision 1, deterioration 1, fast metabolism 3, gourmand, regeneration 2,
shaggy fur 1, spit poison 2, tough skin 2, subdued magic 1, MP-powered wands
a: Spit Poison, Berserk, Trog's Hand, Burn Spellbooks, Renounce Religion


You were on level 1 of the Abyss.
You worshipped Trog.
Trog was most pleased with you.
You were not hungry.

You visited 1 branch of the dungeon, and saw 11 of its levels.
You visited the Abyss 1 time.
You also visited: Labyrinth and Sewer.

You collected 477 gold pieces.
You spent 190 gold pieces at shops.

Inventory:

Missiles
 k - 272 stones
 D - a large rock
 I - 5 javelins
 J - 3 javelins of penetration (quivered)
 L - 6 needles of sleeping
Armour
 e - a +1 hat (worn)
 x - a +0 animal skin (worn)
Rods
 j - a +0 lightning rod (9/9)
   (You found it on level 9 of the Dungeon)
Jewellery
 h - an amulet of guardian spirit (around neck)
 q - an uncursed ring of ice
 B - an uncursed ring of ice
 G - a +1 ring of evasion (left claw)
Wands
 d - a wand of fireball (1)
 g - a wand of slowing (8)
 s - a wand of fireball (0)
 t - a wand of flame (20)
 u - a wand of paralysis (9)
 y - a wand of confusion (17)
Scrolls
 c - 4 scrolls of magic mapping
 i - 3 scrolls of identify
 n - 4 scrolls of noise {unknown}
 o - 2 scrolls of enchant armour
 p - 8 scrolls of remove curse
 v - 2 scrolls of enchant weapon
 w - 2 scrolls of recharging
Potions
 f - 3 potions of flight
 m - a potion of agility
 A - a potion of magic
 F - a potion of invisibility
 H - a potion of cancellation {unknown}
Comestibles
 a - 2 beef jerkies
 b - 13 bread rations
 l - 8 meat rations
 r - a royal jelly
 z - 7 slices of pizza


   Skills:
 + Level 6.7 Fighting
 + Level 3.2 Throwing
 * Level 11.2 Dodging
 + Level 8.7 Unarmed Combat
 + Level 1.2 Evocations


You had 10 spell levels left.
You didn't know any spells.

Dungeon Overview and Level Annotations

Branches:
Dungeon (11/15)            Temple (0/1) D:5             Orc (0/4) D:10
   Lair: D:8-11

Altars:
Ashenzari
Cheibriados
Elyvilon
Fedhas
Gozag
Makhleb
Okawaru
Xom

Shops:
D:4 (   D:6 *   D:7 (

Annotations:
D:4 Grinder


Innate Abilities, Weirdness & Mutations

You are too large for most types of armour.
You have claws for hands.
Your metabolism is lightning-fast.
You like to eat raw meat.
You heal very quickly.
You are covered in fur (AC +1).
You have very tough skin (AC +2).
You have large cloven feet.
You are partially covered in thin metallic scales (AC +2).
You tend to lose your temper in combat.
Scrolls take you a little longer to read.
Your body sometimes deteriorates upon taking damage.
You can spit poison.
Your spells are a little easier to cast, but a little less powerful.
You expend magic power (3 MP) to strengthen your wands.


Message History

Really read with blurry vision while enemies are nearby?
The wraith hits you.
* * * LOW HITPOINT WARNING * * *
The wraith drains your vigour!
You feel as though you will be slow longer.
* * * LOW HITPOINT WARNING * * *
The quasit bites you but does no damage.
The quasit claws you.
* * * LOW HITPOINT WARNING * * *
The quasit claws you but does no damage.
You begin reading the scroll.
You continue reading the scroll.
The quasit bites you but does no damage.
The quasit barely misses you. The quasit closely misses you.
The wraith hits you but does no damage. The large abomination hits you!
* * * LOW HITPOINT WARNING * * *
The quasit bites you but does no damage.
The quasit claws you but does no damage.
The quasit misses you. The wraith closely misses you.
The large abomination hits you!!
You die...

# #. .# .# ..
#.###. .# #..... #
## ####### # ###
..................
.. .......... .
#..##..##..##. ##
##..##..##..##..#
......X@5...... ..
........W......
##..##..##..##..
#. #..# ..# .. ..
..?. .. ! .....
... ##..# #. #..#


You could see a large abomination, a wraith and a quasit.

Vanquished Creatures
  Erica (D:10)
  A centaur warrior (D:10)
  The ghost of kaze the Ducker, a novice TrBe of Trog (D:6)
  A gargoyle (D:11)
  An ancient zyme (Abyss:1)
  A two-headed ogre (D:8)
  Sigmund (D:4)
  A steam dragon (D:7)
  A human (D:7)
  A hungry ghost (D:10)
  2 wyverns
  2 neqoxecs (Abyss:1)
  Menkaure (D:4)
  3 hippogriffs
  Duvessa (D:4)
  A water moccasin (D:8)
  An ice beast (D:9)
  An orc warrior (D:8)
  2 phantoms
  3 sky beasts
  2 black bears
  6 centaurs
  A necrophage (D:7)
  5 ogres
  3 big kobolds (Sewer)
  4 giant frogs
  Dowan (D:4)
  A small abomination (Abyss:1)
  4 killer bees (D:6)
  2 crimson imps (D:5)
  A wasp zombie (D:9)
  4 hounds
  4 jellies
  2 giant frog skeletons
  4 orc wizards
  3 giant frog zombies
  A centaur zombie (D:10)
  2 centaur skeletons
  2 quasits
  Jessica (D:2)
  6 iguanas
  Natasha (thrice) (D:4 D:6)
  A killer bee zombie (D:10)
  5 worker ants
  4 sheep (D:7)
  A hound zombie (D:9)
  A hound skeleton (D:10)
  Robin (D:2)
  3 shadow imps
  16 adders
  4 gnolls (D:7)
  6 oozes (Sewer)
  An adder zombie (D:5)
  2 adder skeletons
  6 worms
  7 giant geckos
  9 orcs
  7 bats
  8 giant cockroaches
  19 goblins
  9 hobgoblins
  16 jackals
  12 kobolds
  7 quokkas
  2 ball pythons
  A giant gecko skeleton (D:6)
  3 giant newts
  2 jackal skeletons
  A quokka skeleton (D:8)
  10 rats
253 creatures vanquished.

Vanquished Creatures (collateral kills)
  A white draconian (Abyss:1)
  A thrashing horror (Abyss:1)
  A sixfirhy (Abyss:1)
  A neqoxec (Abyss:1)
  A quasit (Abyss:1)
  A white imp (Abyss:1)
6 creatures vanquished.

Grand Total: 259 creatures vanquished

Notes
Turn   | Place    | Note
--------------------------------------------------------------
     0 | D:1      | F1L1N the Troll Berserker began the quest for the Orb.
     0 | D:1      | Reached XP level 1. HP: 22/22 MP: 0/0
    34 | D:1      | Reached XP level 2. HP: 29/29 MP: 1/1
   516 | D:2      | Reached ** piety under Trog
   530 | D:2      | Reached XP level 3. HP: 33/36 MP: 2/2
   535 | D:2      | Noticed Robin
   552 | D:2      | Killed Robin
   759 | D:2      | Found a burning altar of Makhleb.
   898 | D:2      | Noticed Jessica
   902 | D:2      | Killed Jessica
   902 | D:2      | Reached XP level 4. HP: 45/45 MP: 3/3
  1145 | D:2      | Found a snail-covered altar of Cheibriados.
  1152 | D:2      | Found an iron altar of Okawaru.
  1848 | D:3      | Found a snail-covered altar of Cheibriados.
  1903 | D:3      | Reached skill level 4 in Unarmed Combat
  1915 | D:3      | Reached *** piety under Trog
  1960 | D:3      | Found a glowing drain.
  1974 | D:3      | Reached XP level 5. HP: 50/53 MP: 4/4
  2005 | Sewer    | Entered a sewer
  2354 | Sewer    | Reached XP level 6. HP: 58/61 MP: 3/5
  2485 | Sewer    | Reached **** piety under Trog
  2761 | D:3      | Noticed an ogre
  2766 | D:3      | Killed an ogre
  2766 | D:3      | Reached skill level 5 in Dodging
  2766 | D:3      | Reached skill level 5 in Unarmed Combat
  2766 | D:3      | Reached XP level 7. HP: 50/67 MP: 4/6
  3038 | D:4      | Noticed Menkaure
  3044 | D:4      | Killed Menkaure
  3053 | D:4      | Found an opulent altar of Gozag.
  3099 | D:4      | Noticed Natasha
  3109 | D:4      | Killed Natasha
  3197 | D:4      | Noticed Sigmund
  3215 | D:4      | Killed Sigmund
  3215 | D:4      | Reached skill level 6 in Dodging
  3264 | D:4      | Found Vyett's Antique Weapon Boutique.
  3374 | D:4      | Found a blossoming altar of Fedhas.
  3375 | D:4      | Found a shimmering altar of Xom.
  3461 | D:4      | Noticed Grinder
  3465 | D:4      | Noticed Duvessa
  3466 | D:4      | Noticed Dowan
  3472 | D:4      | Killed Duvessa
  3472 | D:4      | Reached XP level 8. HP: 67/78 MP: 5/7
  3485 | D:4      | Killed Dowan
  3622 | D:5      | Entered Level 5 of the Dungeon
  3692 | D:5      | Found a staircase to the Ecumenical Temple.
  4035 | D:5      | Found an iron altar of Okawaru.
  4232 | D:5      | Reached skill level 7 in Dodging
  4331 | D:6      | Noticed Natasha
  4338 | D:6      | Killed Natasha
  4445 | D:6      | Noticed kaze's ghost (novice TrBe)
  4500 | D:6      | Killed kaze's ghost
  4602 | D:6      | Noticed Natasha
  4604 | D:6      | Killed Natasha
  4692 | D:6      | Reached XP level 9. HP: 39/85 MP: 5/8
  4706 | D:6      | Reached ***** piety under Trog
  4720 | D:6      | HP: 3/85 [killer bee (4)]
  4762 | D:5      | HP: 2/85 [killer bee (6)]
  4767 | D:5      | HP: 3/85 [poisoned by a killer bee]
  5049 | D:6      | Reached skill level 8 in Dodging
  5053 | D:6      | Gained mutation: You are resistant to hostile enchantments. [mutagenic meat]
  5054 | D:6      | Gained mutation: You are partially covered in thin metallic scales (AC +2). [mutagenic meat]
  5076 | D:6      | Found Ruavyze's Assorted Antiques.
  5081 | D:6      | Bought 2 scrolls of identify for 76 gold pieces
  5081 | D:6      | Bought a glowing hat for 76 gold pieces
  5081 | D:6      | Bought a scroll of identify for 38 gold pieces
  5437 | D:7      | Found Amif's Weapon Emporium.
  5520 | D:7      | Reached skill level 1 in Throwing
  5862 | D:7      | Reached skill level 5 in Fighting
  5862 | D:7      | Reached skill level 1 in Evocations
  5871 | D:7      | Reached skill level 9 in Dodging
  6338 | D:8      | Received a gift from Trog
  6353 | D:8      | Reached XP level 10. HP: 96/96 MP: 9/9
  6534 | D:9      | Found a white marble altar of Elyvilon.
  6624 | D:9      | Gained mutation: You are frail (-10% HP). [potion of mutation]
  6624 | D:9      | Lost mutation: You are frail (-10% HP). [potion of mutation]
  6766 | D:9      | Gained mutation: Scrolls take you a little longer to read. [mutagenic meat]
  6768 | D:9      | Gained mutation: You can spit weak poison. [mutagenic meat]
  6769 | D:9      | Gained mutation: You have large cloven feet. [mutagenic meat]
  6770 | D:9      | Gained mutation: You are agile. (Dex +2) [mutagenic meat]
  6771 | D:9      | Lost mutation: You are resistant to hostile enchantments. [mutagenic meat]
  6789 | D:9      | Found a shattered altar of Ashenzari.
  7146 | D:10     | Entered Level 10 of the Dungeon
  7160 | D:10     | Reached skill level 10 in Dodging
  7222 | D:10     | Gained mutation: You can spit poison. [mutagenic meat]
  7223 | D:10     | Gained mutation: Your body sometimes deteriorates upon taking damage. [mutagenic meat]
  7224 | D:10     | Lost mutation: You are agile. (Dex +2) [mutagenic meat]
  7225 | D:10     | Gained mutation: You expend magic power (3 MP) to strengthen your wands. [mutagenic meat]
  7304 | D:10     | Received a gift from Trog
  7370 | D:10     | Found a staircase to the Orcish Mines.
  7515 | D:10     | Found a flagged portal.
  7663 | D:10     | Noticed a centaur warrior
  7672 | D:10     | Killed a centaur warrior
  7982 | D:10     | Noticed Erica
  8014 | D:10     | Killed Erica
  8469 | D:11     | Reached XP level 11. HP: 102/107 MP: 10/10
  8491 | D:11     | Found an iron altar of Okawaru.
  8541 | D:11     | Found a labyrinth entrance.
  8673 | Lab      | Entered a labyrinth
  8725 | Lab      | Noticed a minotaur
  9470 | Lab      | Cast into the Abyss (minotaur)
  9504 | Abyss:1  | Noticed a white draconian
  9506 | Abyss:1  | Found a corrupted altar of Lugonu.
  9513 | Abyss:1  | Killed a white draconian
  9513 | Abyss:1  | Reached skill level 11 in Dodging
  9630 | Abyss:1  | Gained mutation: Your spells are a little easier to cast, but a little less powerful. [a neqoxec]
  9633 | Abyss:1  | Gained mutation: You tend to lose your temper in combat. [a neqoxec]
  9637 | Abyss:1  | Noticed a thrashing horror
  9646 | Abyss:1  | Killed a thrashing horror
  9699 | Abyss:1  | Mangled by a large abomination

Action                   |  1- 3 |  4- 6 |  7- 9 | 10-12 || total
-------------------------+-------+-------+-------+-------++-------
Melee: Unarmed           |   105 |   197 |   360 |   246 ||   908
Throw: Large rock        |     6 |     3 |    32 |    19 ||    60
       Stone             |       |       |     7 |    28 ||    35
       Javelin           |       |       |       |    10 ||    10
Invok: Trog's Hand       |       |       |     1 |     3 ||     4
       Burn Spellbooks   |       |       |     1 |     1 ||     2
       Brothers in Arms  |       |       |       |     4 ||     4
 Abil: Spit Poison       |       |       |       |     2 ||     2
Evoke: Deck              |       |       |     9 |       ||     9
       Wand              |       |       |     3 |     4 ||     7
  Use: Scroll            |     2 |       |    18 |     5 ||    25
       Potion            |       |       |     7 |     6 ||    13
 Stab: Sleeping          |       |     1 |     1 |       ||     2
  Eat: Chunk             |    13 |    19 |    36 |    39 ||   107
       Bread ration      |       |       |       |     1 ||     1
